 Dungeon Crawl Stone Soup version 0.31-a0-564-g3b7de120b3 (webtiles) character file.

Game seed: 4715927408523138224

618 Arcadio the Caller (level 7, -3/36 HPs)
             Began as a Deep Elf Summoner on Aug 17, 2023.
             Was a Follower of Cheibriados.
             Shot with an arrow by a centaur (6 damage)
             ... on level 5 of the Dungeon.
             The game lasted 00:11:51 (4016 turns).

Arcadio the Caller (Deep Elf Summoner)              Turns: 4016, Time: 00:11:52

Health: -3/36      AC:  2    Str:  7    XL:     7   Next: 21%
Magic:  9/18       EV: 15    Int: 24    God:    Cheibriados [*.....]
Gold:   99         SH:  0    Dex: 17    Spells: 5/18 levels left

rFire   . . .        u - +3 dagger (freeze)
rCold   . . .        (no shield)
rNeg    . . .        a - +0 robe
rPois   .            (no helmet)
rElec   .            (no cloak)
rCorr   .            (no gloves)
SInv    .            (no boots)
Will    .....        (no amulet)
Stlth   ++           (no ring)
HPRegen 0.26/turn    (no ring)
MPRegen 0.16/turn

%: no passive effects
@: very slow
A: no striking features
a: Renounce Religion, Bend Time


You were on level 5 of the Dungeon.
You worshipped Cheibriados.
Cheibriados was aware of your devotion.
You visited 1 branch of the dungeon, and saw 5 of its levels.

You collected 99 gold pieces.

Inventory:

Hand Weapons
 c - a +0 dagger
 u - a +3 dagger of freezing (weapon)
Missiles
 i - 2 throwing nets
Armour
 a - a +0 robe (worn)
Scrolls
 e - a scroll of enchant armour {unknown}
 h - 2 scrolls of fog {unknown}
 k - 2 scrolls of teleportation {unknown}
 p - 2 scrolls of revelation {unknown}
 q - a scroll of noise {unknown}
 s - 2 scrolls of immolation {unknown}
 v - 2 scrolls of blinking {unknown}
Potions
 b - 3 potions of magic
 d - 4 potions of mutation
 g - a potion of heal wounds {unknown}
 j - a potion of brilliance {unknown}
 l - a potion of lignification {unknown}
 m - a potion of haste {unknown}
 n - a potion of resistance {unknown}
 o - a potion of invisibility {unknown}
 t - a potion of curing {unknown}


   Skills:
 + Level 5.8 Dodging
 - Level 3.2 Stealth
 + Level 6.4 Spellcasting
 + Level 6.5 Summonings


You had 5 spell levels left.
You knew the following spells:

 Your Spells              Type           Power      Damage    Failure   Level
a - Summon Small Mammal   Summ           100%       N/A       1%          1
b - Call Imp              Summ           78%        N/A       1%          2
c - Call Canine Familiar  Summ           39%        N/A       1%          3
d - Summon Guardian Gole  Hex/Summ       23%        N/A       6%          3
e - Summon Lightning Spi  Summ/Air       23%        N/A       21%         4

Your spell library contained the following spells:

 Spells                   Type           Power      Damage    Failure   Level
 Portal Projectile        Hex/Tloc       14%        N/A       22%         3
 Tukima's Dance           Hex            7%         N/A       22%         3
 Iskenderun's Mystic Bla  Conj/Tloc      7%         2d4       58%         4


Dungeon Overview and Level Annotations

Branches:
Dungeon (5/15) Zot: 39580
 Temple: D:4-7

Altars:
Cheibriados
Nemelex Xobeh
Vehumet
Wu Jian

Shops:
D:2 :   D:4 (


Message History

The black bear barely misses your hound.
The black bear claws your hound. Flame seeps out of your guardian golem.
The black bear claws your hound. Flame seeps out of your guardian golem.
Your hound barely misses the black bear.
The black bear bites your hound but does no damage.
The black bear claws your hound. Flame seeps out of your guardian golem.
The black bear claws your hound.
The centaur shoots an arrow.
The arrow hits your guardian golem but does no damage.
Your guardian golem is engulfed in blazing flames.
Flame seeps out of your guardian golem.
Your hound bites the black bear but does no damage.
The black bear bites your hound! Flame seeps out of your guardian golem.
The black bear claws your hound. Flame seeps out of your guardian golem.
The black bear claws your hound.
Your hound dies!
Your hound's corpse disappears in a puff of smoke!
Flame seeps out of your guardian golem.
The centaur shoots an arrow.
The arrow hits your guardian golem but does no damage.
The black bear bites your guardian golem but does no damage.
The black bear claws your guardian golem.
Flame seeps out of your guardian golem.
The black bear claws your guardian golem but does no damage.
The centaur shoots an arrow.
The arrow hits your guardian golem but does no damage.
Your guardian golem is engulfed in blazing flames.
Your guardian golem disappears in a puff of smoke!
Your guardian golem explodes!
The fiery explosion engulfs the black bear!!
The black bear dies!
Cheibriados thoroughly appreciates the change of pace.
The centaur shoots an arrow.
The arrow hits you!
* * * LOW HITPOINT WARNING * * *
The centaur shoots an arrow.
The arrow hits you.
* * * LOW HITPOINT WARNING * * *
Casting: Call Canine Familiar (safe; 1% risk of failure)
Confirm with . or Enter, or press ? or * to list all spells.
The centaur shoots an arrow.
The arrow hits your wolf!
The centaur shoots an arrow.
The arrow barely misses your wolf. The arrow hits you.
You die...

#....# #.###.#
#....#### ####.#
#c# #.# ##.......
#.# #ยง# #.#
#.#.#### ####.#
#.###.####.#.####
#..#.#
#.##.............
##...#
#.##.#####.######
##..# #.##.# #.###
#. . #.## ##h##.#
#...# #. ~~ #.#
#@.##.# #.#.# #.
.~.###.#
#.$.##.#####.#.# #.
~~~#.#.#
#+###..........###.
~.~#...#
##..#.##....... ..
###.#
#....<........ .
#.# ##.#####....).
#.# #.######.##.#
#.# ######
#........##.#
######.####.#..####
#............


You could see a centaur (ally target) and a friendly wolf (summoned).

Vanquished Creatures
  2 adders
  A dart slug (D:5)
  2 orcs
  An endoplasm (D:3)
  2 giant cockroaches
  2 goblins
  3 hobgoblins
  A jackal (D:2)
  4 ball pythons
  2 frilled lizards (D:1)
  A kobold (D:1)
  5 rats
26 creatures vanquished.

Vanquished Creatures (collateral kills)
  3 scorpions
  A hound (D:5)
  2 orc priests (D:5)
  Natasha (thrice) (D:2)
  An iguana (D:4)
  An orc wizard (D:5)
  An adder (D:2)
  A gnoll (D:1)
  A worm (D:3)
  15 orcs
  5 endoplasms
  2 giant cockroaches (D:1)
  2 jackals (D:2)
  5 kobolds
  3 ball pythons
  2 bats (D:3)
  2 frilled lizards (D:1)
  3 goblins
  2 rats (D:1)
55 creatures vanquished.

Vanquished Creatures (others)
  A black bear (D:5)
  A ball python (D:1)
2 creatures vanquished.

Grand Total: 83 creatures vanquished

Notes
Turn   | Place    | Note
-------+----------+-------------------------------------------
     0 | D:1      | Arcadio the Deep Elf Summoner began the quest for the Orb.
     0 | D:1      | Reached XP level 1. HP: 10/10 MP: 6/6
    79 | D:1      | Reached XP level 2. HP: 15/15 MP: 5/8
    91 | D:1      | Learned a level 2 spell: Call Imp
   236 | D:1      | Found a faded altar of an unknown god.
   458 | D:1      | Reached XP level 3. HP: 5/18 MP: 5/10
   995 | D:2      | Found Iteg's Book Emporium.
  1038 | D:2      | Noticed Natasha
  1059 | D:2      | Killed Natasha
  1060 | D:2      | Reached XP level 4. HP: 16/24 MP: 8/12
  1504 | D:2      | Noticed Natasha
  1513 | D:2      | Killed Natasha
  1514 | D:2      | Reached skill level 5 in Summonings
  1669 | D:2      | Noticed Natasha
  1703 | D:2      | Killed Natasha
  1903 | D:3      | Learned a level 3 spell: Call Canine Familiar
  1907 | D:3      | Learned a level 3 spell: Summon Guardian Golem
  2014 | D:3      | Reached XP level 5. HP: 28/28 MP: 11/13
  2110 | D:3      | Found a snail-covered altar of Cheibriados.
  2110 | D:3      | Found a sparkling altar of Nemelex Xobeh.
  2123 | D:3      | Found an ornate altar of the Wu Jian Council.
  2123 | D:3      | Found a radiant altar of Vehumet.
  2137 | D:3      | Became a worshipper of Cheibriados the Contemplative
  2188 | D:3      | You fall into a shaft and drop 1 floor!
  2729 | D:4      | Identified the +4 rapier of Ujint {freeze, rF++ rC- Int+2}
  2742 | D:4      | Found Rirghi's Antique Weapon Emporium.
  2966 | D:4      | Learned a level 4 spell: Summon Lightning Spire
  3162 | D:4      | Reached skill level 5 in Spellcasting
  3212 | D:5      | Entered Level 5 of the Dungeon
  3243 | D:5      | Reached XP level 6. HP: 29/32 MP: 15/15
  3329 | D:5      | Reached * piety under Cheibriados
  3456 | D:5      | Reached skill level 5 in Dodging
  3794 | D:5      | Reached XP level 7. HP: 11/36 MP: 14/18
  4016 | D:5      | Shot with an arrow by a centaur

Illustrated notes

Levels and vault maps discovered:
D:1:      dpeg_arrival_fog, layout_rooms, ebering_ecumenical_altar_petrified
D:2:      layout_loops_ring, serial_shops, nicolae_shop_tiny_statue_garden,
          uniq_natasha
D:3:      layout_basic, grunt_temple_overflow_open
D:4:      layout_gridville, serial_shops, nicolae_stop_n_shop_2
D:5:      layout_loops_ring, grunt_temple_overflow_gold_and_silver,
          ebering_ghost_inner_flame, serial_aquarium,
          aquarium_bridge_long_separate [aquarium_subvault_bridge,
          aquarium_subvault_window, aquarium_subvault_wall,
          aquarium_subvault_wall, aquarium_subvault_bridge,
          aquarium_subvault_window], aquarium_window_fake, aquarium_window_fake,
          aquarium_view_2d, aquarium_view_2a, st_stairs_10

Skill      XL: |  1  2  3  4  5  6 |
---------------+-------------------+-----
Dodging        | 3 4 5 |  5.8
Stealth        | 3 |  3.2
Spellcasting   | 4 5 6 |  6.4
Summonings     | 5 6 |  6.5

Action                     |  1- 3 |  4- 6 |  7- 9 || total
---------------------------+-------+-------+-------++-------
  Melee: Dagger            |    45 |    76 |       ||   121
   Cast: Summon Small Mamm |    18 |    21 |       ||    39
         Call Imp          |     8 |    27 |       ||    35
         Call Canine Famil |       |    19 |     3 ||    22
         Summon Guardian G |       |       |     1 ||     1
    Use: Scroll            |       |     2 |       ||     2
   Stab: Sleeping          |     4 |     3 |       ||     7
         Distracted        |       |     1 |       ||     1
 Armour: Robe              |    10 |    12 |       ||    22
  Dodge: Dodged            |    26 |    49 |     9 ||    84

Table legend: (Time is in decaauts)
 A = Elapsed time spent in this place.
 B = Non-inter-level travel time spent in this place.
 C = Inter-level travel time spent in this place.
 D = Time resting spent in this place.
 E = Time spent auto-exploring this place.
 F = Levels seen in this place.
 G = Mean time per level.
                   A        B        C        D        E       F      G
               +--------+--------+--------+--------+--------+-----+--------+
         Total |   4312 |   4246 |     66 |    393 |   2779 |   5 |  862.4 |
       Dungeon |   4312 |   4246 |     66 |    393 |   2779 |   5 |  862.4 |
               +--------+--------+--------+--------+--------+-----+--------+

Top non-repeatable levels by time:
     D:4: 1196 daAuts
     D:2: 1143 daAuts
     D:5: 918 daAuts
     D:1: 685 daAuts
     D:3: 368 daAuts
